 Seeded DCSS version 0.28-a0-1404-g4df0f3684d (webtiles) character file.

Game seed: 14747204213227858964 (custom seed)

98 innerfire433 the Cudgeller (level 4, -1/31 HPs)
             Began as a Demonspawn Cinder Acolyte on Jan 5, 2022.
             Was a Follower of Hepliaklqana.
             Slain by a gnoll (3 damage)
             ... on level 4 of the Dungeon.
             The game lasted 00:07:42 (2016 turns).

innerfire433 the Cudgeller (DsCA)                   Turns: 2016, Time: 00:07:44

Health: -1/31      AC:  4    Str: 19    XL:     4   Next: 43%
Magic:  6/6        EV: 11    Int: 15    God:    Hepliaklqana [*.....]
Gold:   88         SH:  0    Dex:  6    Spells: 4/6 levels left

rFire   . . .      SeeInvis .   n - +1 double sword
rCold   + . .      Faith    .   (no shield)
rNeg    . . .      Spirit   .   b - +0 robe
rPois   .          Reflect  .   (helmet restricted)
rElec   .          Harm     .   (no cloak)
rCorr   .          Rampage  .   (no gloves)
Will    .....                   (no boots)
Stlth   +.........              (no amulet)
HPRegen 0.10/turn               i - ring of protection from fire
MPRegen 0.20/turn               m - ring of protection from cold

@: fire susceptible
A: reduced essence, icy blue scales 1, magic regeneration, horns 1, clumsy 1,
strong 1
a: Renounce Religion, Recall Ancestor, Ancestor Identity


You were on level 4 of the Dungeon.
You worshipped Hepliaklqana.
Hepliaklqana was aware of your devotion.
You visited 1 branch of the dungeon, and saw 3 of its levels.

You collected 88 gold pieces.

Inventory:

Hand Weapons
 a - a +0 mace of flaming
 d - a +2 dagger of distortion
 n - a +1 double sword (weapon)
Armour
 b - a +0 robe (worn)
Jewellery
 i - a ring of protection from fire (left hand)
 m - a ring of protection from cold (right hand)
 o - a +4 ring of evasion
Scrolls
 e - a scroll of silence {unknown}
 f - a scroll of identify
 g - a scroll of teleportation {unknown}
 h - a scroll of fear {unknown}
 j - a scroll of enchant armour {unknown}
Potions
 c - a potion of attraction
 l - a potion of lignification {unknown}


   Skills:
 - Level 3.2 Fighting
 * Level 1.3 Long Blades
 - Level 3.4 Maces & Flails
 - Level 0.1 Dodging
 * Level 1.6 Spellcasting
 * Level 3.3 Fire Magic


You had 4 spell levels left.
You knew the following spells:

 Your Spells              Type           Power      Damage    Failure   Level
a - Scorch                Fire           22%        2d6       9%          2

Your spell library contained the following spells:

 Spells                   Type           Power      Damage    Failure   Level
 Dazzling Flash           Conj/Hex       2%         N/A       56%         3
 Iskenderun's Mystic Bla  Conj/Tloc      1%         2d3       93%         4
 Starburst                Conj/Fire      3%         6d3       100%        6


Dungeon Overview and Level Annotations

Branches:
Dungeon (2/15)

Altars:
Hepliaklqana


Innate Abilities, Weirdness & Mutations

Your life essence is reduced to manifest your ancestor. (-10% HP)
You are partially covered in icy blue scales. (AC +2)
You regenerate magic rapidly.
You have a pair of small horns on your head.
You are clumsy. (Dex -2)
Your muscles are strong. (Str +2)


Message History

The shaft crumbles and collapses. 2 gnolls come into view.
A gnoll is wielding a +2 whip of distortion.
Found 9 gold pieces and a scroll of enchant weapon.
Found a stone staircase leading down and a stone staircase leading up.
Found a scroll labelled SIWACZ REDAB.
The gnoll shouts! x2; You hear a shout!
You slash the gnoll!
You kill the gnoll!
A dart slug comes into view.
Dayud is recalled.
An ogre comes into view. It is wielding a +0 giant club.
The gnoll barely misses you.
Dayud closely misses the gnoll.
A gnoll comes into view. It is wielding a +0 halberd.
The gnoll shouts!
You hear a shout!
The ogre barely misses Dayud.
The gnoll closely misses you. The dart slug launches a dart at you.
The slug dart hits you. The dart slug launches a dart at you.
The slug dart hits Dayud.
You slash the gnoll!
You kill the gnoll!
The dart slug launches a dart at you.
The slug dart hits Dayud.
The gnoll hits you from afar with a +0 halberd.
Found a rapier.
You hit the ogre.
The ogre is lightly wounded.
The gnoll misses you. The ogre barely misses you.
Dayud hits the dart slug.
The gnoll hits you from afar with a +0 halberd!
* * * LOW HITPOINT WARNING * * *
Dayud hits the dart slug.
It was a potion of mutation.
You feel extremely strange.
You feel clumsy.
You feel stronger. A pair of horns grows on your head!
The ogre barely misses you.
The dart slug launches a dart at Dayud.
The slug dart hits Dayud.
The gnoll hits you from afar with a +0 halberd.
You die...

...# ####.
....) ......
...... ...#..
.... .... ...
.. #..###.# ...
#.....##.##. ..
#..@.....<. ...
#..O..$#.##...
#..)g....##.#
#...........#..
#.......#......
#.......w......
#>..##..#R.....
#.#.###.).##...
...... #...# #


You could see the friendly Dayud the ancestor, an ogre, a gnoll and a dart slug
(ally target).

Vanquished Creatures
  Jessica (D:2)
  3 gnolls
  An adder (D:2)
  3 endoplasms
  A giant cockroach (D:1)
  2 goblins (D:1)
  3 hobgoblins
  4 jackals (D:2)
  4 quokkas
  2 bats (D:1)
  2 frilled lizards (D:1)
  3 kobolds (D:2)
  6 rats
35 creatures vanquished.

Notes
Turn   | Place    | Note
-------+----------+-------------------------------------------
     0 | D:1      | innerfire433 the Demonspawn Cinder Acolyte began the quest
                  | for the Orb.
     0 | D:1      | Reached XP level 1. HP: 18/18 MP: 2/2
   283 | D:1      | Gained mutation: You are partially covered in icy blue
                  | scales. (AC +2) [demonic ancestry]
   283 | D:1      | Reached XP level 2. HP: 14/24 MP: 3/3
  1234 | D:2      | Found a faded altar of an unknown god.
  1271 | D:2      | Reached XP level 3. HP: 29/29 MP: 4/4
  1298 | D:2      | Learned a level 2 spell: Scorch
  1725 | D:2      | Noticed Jessica
  1728 | D:2      | Killed Jessica
  1839 | D:2      | Gained mutation: You regenerate magic rapidly. [demonic
                  | ancestry]
  1839 | D:2      | Reached XP level 4. HP: 35/35 MP: 6/6
  1879 | D:2      | Prayed at the altar of an unknown god.
  1879 | D:2      | Fell from the grace of Ignis
  1879 | D:2      | Became a worshipper of Hepliaklqana the Forgotten
  1879 | D:2      | Reached * piety under Hepliaklqana
  1978 | D:2      | Reached skill level 1 in Long Blades
  2000 | D:2      | You fall into a shaft and drop 2 floors!
  2006 | D:4      | Noticed an ogre
  2016 | D:4      | Gained mutation: You are clumsy. (Dex -2) [potion of
                  | mutation]
  2016 | D:4      | Gained mutation: Your muscles are strong. (Str +2) [potion
                  | of mutation]
  2016 | D:4      | Gained mutation: You have a pair of small horns on your
                  | head. [potion of mutation]
  2016 | D:4      | Slain by a gnoll

Illustrated notes

Levels and vault maps discovered:
D:1:      dpeg_arrival_castle, layout_loops_cross, serial_forest,
          infiniplex_forest_zigzag_1, infiniplex_forest_straight_4,
          infiniplex_forest_fountain, infiniplex_forest_corner_1,
          infiniplex_forest_lined_3_way
D:2:      layout_loops_cross, basic_ecumenical_altar, uniq_jessica
D:4:      layout_rooms, uniq_ijyb, uniq_edmund

Skill      XL: |  1  2  3  4 |
---------------+-------------+-----
Maces & Flails | 3 |  3.4
Fire Magic     | 3 |  3.3
Long Blades    | 1 |  1.3
Fighting       | |  3.2
Dodging        | |  0.1
Spellcasting   | |  1.6

Action                   |  1- 3 |  4- 6 || total
-------------------------+-------+-------++-------
Melee: Mace              |    64 |       ||    64
       Punch             |     1 |       ||     1
       Double sword      |    10 |    13 ||    23
Invok: Fiery Armour      |     3 |       ||     3
       Recall Ancestor   |       |     1 ||     1
       Ancestor Identity |       |     1 ||     1
  Use: Scroll            |     3 |       ||     3
       Potion            |       |     1 ||     1
 Stab: Sleeping          |     1 |       ||     1
Armor: Robe              |    41 |     5 ||    46
Dodge: Dodged            |    49 |    14 ||    63

Table legend: (Time is in decaauts)
 A = Elapsed time spent in this place.
 B = Non-inter-level travel time spent in this place.
 C = Inter-level travel time spent in this place.
 D = Time resting spent in this place.
 E = Time spent auto-exploring this place.
 F = Levels seen in this place.
 G = Mean time per level.
                   A        B        C        D        E       F      G
               +--------+--------+--------+--------+--------+-----+--------+
         Total |   2044 |   2044 |      0 |      0 |   1652 |   3 |  681.3 |
       Dungeon |   2044 |   2044 |      0 |      0 |   1652 |   3 |  681.3 |
               +--------+--------+--------+--------+--------+-----+--------+

Top non-repeatable levels by time:
     D:1: 1249 daAuts
     D:2: 778 daAuts
     D:4: 17 daAuts
